[Event "Dutch Open 2022"]
[Site "Dieren"]
[Date "2022.07.30"]
[Round "5.6"]
[White "Gilmanov, Mansur"]
[Black "Mollema, Thomas"]
[Result "1/2-1/2"]
[ECO "D00"]
[WhiteElo "2377"]
[BlackElo "2235"]
[Annotator "TA"]
[PlyCount "37"]
[EventDate "2022.07.14"]
[EventType "swiss"]
[EventCountry "NED"]
[SourceTitle "playchess.com"]
[Source "ChessBase"]
[SourceQuality "1"]
[TimeControl "40/5400+30:1800+30"]

1. d4 d5 2. e3 Nf6 3. f4 e6 4. Nf3 Ne4 5. Bd3 f5 6. O-O {[%emt 0:00:31] D00: 1 d4 d5: Unusual lines.} Be7 7. b3 O-O {[%emt 0:00:25] [#]} 8. Ba3 $146 ({Predecessor:} 8. Ne5 Nd7 9. Bb2 Nxe5 10. dxe5 Bd7 11. c4 c6 12. Nd2 Bc5 13. Bd4 Qb6 14. Bxc5 Qxc5 {0-1 (52) Schaetz,B (1311)-Rethmann,K (1453) Willingen 2008}) 8... b6 9. Bxe7 Qxe7 10. Bxe4 fxe4 11. Ne5 Ba6 12. Rf2 Nd7 13. Nxd7 Qxd7 14. Nc3 c5 15. dxc5 Qc6 16. Qg4 Rf5 17. Rd1 Raf8 18. Ne2 {[%emt 0:10:12] [#] And now Nd4 would win.} Bxe2 19. Qxe2 {[%emt 0:03:16] A balanced but interesting game.  Weighted Error Value: White=0.06 (flawless) /Black=0.06 (flawless)} 1/2-1/2

[Event "Dutch Open 2022"]
[Site "Dieren"]
[Date "2022.07.30"]
[Round "5.7"]
[White "Ypma, Peter"]
[Black "Manukonda Arun"]
[Result "1-0"]
[ECO "B31"]
[WhiteElo "2346"]
[BlackElo "2021"]
[Annotator "TA"]
[PlyCount "114"]
[EventDate "2022.07.14"]
[EventType "swiss"]
[EventCountry "NED"]
[SourceTitle "playchess.com"]
[Source "ChessBase"]
[SourceQuality "1"]
[TimeControl "40/5400+30:1800+30"]

1. e4 c5 2. Be2 d6 3. f4 g6 4. Nf3 Bg7 5. O-O Nc6 6. Kh1 {[%emt 0:03:54] B31: Sicilian: 2...Nc6 3 Bb5 g6.} e6 7. c3 Nge7 8. d4 {[%emt 0:00:28] The position is equal.} cxd4 9. cxd4 d5 10. e5 {[%emt 0:01:22] [#]} Nf5 $146 ({Predecessor:} 10... h5 11. Nc3 Nf5 12. g3 Bd7 13. Kg2 a6 14. b3 Qb6 15. Na4 Qa7 16. Nc5 Bf8 17. Nxd7 Kxd7 {1-0 (32) Khalafova,N (2279)-Legenia,A (2144) Chess.com INT 2021}) 11. Na3 (11. g4 $5 Nfe7 12. h3 $14) 11... a6 12. Nc2 Qb6 13. b3 h5 14. Qe1 Bd7 (14... Nfxd4 $2 15. Qf2 $18) (14... Ncxd4 $2 15. Ncxd4 (15. Qf2 h4 $18) 15... Nxd4 16. Qf2 $18) 15. b4 Rc8 (15... Nfxd4 $2 16. Qf2 $18) (15... Ncxd4 $2 16. Nfxd4 (16. Qf2 h4 $16) 16... Nxd4 17. Qf2 $18) (15... Bf8 $11) 16. Bd3 $1 $14 Nce7 (16... Ncxd4 $2 17. Ncxd4 Nxd4 18. Qe3 $18) (16... Nfxd4 $2 17. Qe3 $18) 17. a4 $1 {[%emt 0:00:29] Against Bb5} h4 (17... Qc7 $14 {is superior.}) 18. Bd2 Qd8 19. Kg1 b5 20. a5 Rc4 21. Be3 (21. Bxc4 dxc4 22. Ne3 Bc6 $11) 21... Qc7 22. Ra2 Rc3 23. Qd2 O-O ({Black should try} 23... Bh6 $14) 24. Bf2 $1 $18 h3 25. g3 Rc8 26. Ng5 Rb3 {[%emt 0:02:06] [#]} 27. Na1 $1 Rc3 28. Rb2 Rc1 (28... Rxd3 $142 29. Qxd3 Qc3 30. Qxc3 Rxc3 31. Nxh3 Rc4) 29. Nb3 {[%emt 0:00:32] Dancing on a razor blade.} Rxf1+ 30. Bxf1 Qc3 31. Nc5 (31. Bxh3 Qxd2 32. Rxd2 Rc3 $16) 31... Qxd2 32. Rxd2 Rxc5 33. dxc5 Nc6 34. Rb2 (34. Nxh3 $6 f6 35. exf6 Bxf6 $16) (34. Bxh3 $6 Nxb4 35. Bxf5 gxf5 $18) 34... f6 35. exf6 ({Weaker is} 35. Nxh3 fxe5 36. fxe5 Bxe5 $16) ({And not} 35. Bxh3 fxg5 36. Be1 gxf4 37. gxf4 Kf7 $17) 35... Bxf6 36. Rb1 Bxg5 (36... e5 $142 37. Bxh3 Bc8) 37. fxg5 e5 38. Bxh3 Kf7 39. Bf1 Nfe7 40. Be1 (40. h3 $18) 40... Bf5 $2 (40... e4 $16 {was necessary.} 41. h3 d4) 41. Rb2 e4 42. Rf2 e3 43. Rf3 d4 {[%emt 0:00:39] [#]} 44. g4 (44. Be2 $1 $18 {has better winning chances. Hoping for g4.} Ke8 45. Rf4) 44... Ne5 $16 45. Rf4 d3 $2 46. gxf5 $18 d2 {[%emt 0:00:01] [#]} 47. Bxd2 $1 exd2 {[%emt 0:00:02][%mdl 4096] Endgame KRB-KNN} 48. Be2 Nxf5 49. Rf1 Ke6 50. Rd1 Nd4 51. Kf2 Nb3 52. Rb1 Nd4 53. Ke3 Nf5+ 54. Kxd2 Nf7 {[%emt 0:00:46] [#]} 55. Bxb5 $1 axb5 (55... Ne5 56. Bxa6) 56. a6 Ne5 57. a7 Nc4+ {[%emt 0:00:06] Weighted Error Value: White=0.16 (very precise) /Black=0.29 (precise)} 1-0

[Event "Dutch Open 2022"]
[Site "Dieren"]
[Date "2022.07.30"]
[Round "5.8"]
[White "Baselmans, Sam"]
[Black "Labruyere, Roger"]
[Result "1/2-1/2"]
[ECO "B11"]
[WhiteElo "2182"]
[BlackElo "2070"]
[Annotator "TA"]
[PlyCount "48"]
[EventDate "2022.07.14"]
[EventType "swiss"]
[EventCountry "NED"]
[SourceTitle "playchess.com"]
[Source "ChessBase"]
[SourceQuality "1"]
[TimeControl "40/5400+30:1800+30"]

1. e4 c6 2. Nf3 d5 3. Nc3 Bg4 4. Be2 e6 5. O-O Nf6 6. h3 {[%emt 0:00:16] B11: Caro-Kann: Two Knights Variation.} Bxf3 7. Bxf3 dxe4 8. Nxe4 Nbd7 9. Nxf6+ Qxf6 10. d4 {[%emt 0:00:21] [#]} Be7 $146 ({Predecessor:} 10... Bd6 11. Re1 O-O 12. Be3 Rfd8 13. Qd2 h6 14. c4 Bc7 15. Rad1 a5 16. Be4 Ne5 17. dxe5 Qxe5 {1-0 (24) Chojnowski,M (2099)-Kulpinski,P (1859) Wagrowiec 2017}) 11. c4 O-O 12. b3 Rfd8 13. Bb2 a5 14. Qe2 Qg5 {[%emt 0:11:13] Prevents d5.} 15. Rad1 Nf6 {[%emt 0:15:32] [#] Against d5} 16. g3 (16. Bc1 $1 $16 Qh4 17. Kh2 Bd6+ 18. g3) 16... a4 17. d5 Bc5 ({Less strong is} 17... cxd5 18. cxd5 Ra6 19. bxa4 $16) 18. Kg2 ({White should play} 18. b4 $16 Bxb4 19. dxc6 (19. dxe6 Re8 $14) 19... bxc6 20. Bxc6) 18... exd5 19. h4 (19. Bxf6 {is interesting.} Qxf6 20. cxd5 axb3 21. axb3 Bd4 22. dxc6 bxc6 23. Rc1) 19... Qf5 20. Bxf6 Qxf6 ({Don't play} 20... gxf6 21. cxd5 axb3 22. dxc6 bxc6 23. axb3 $16) 21. cxd5 cxd5 22. Rxd5 Rxd5 23. Bxd5 axb3 24. axb3 Rb8 {[%emt 0:00:44] Weighted Error Value: White=0.16 (very precise) /Black=0.14 (very precise)} 1/2-1/2

[Event "Dutch Open 2022"]
[Site "Dieren"]
[Date "2022.07.30"]
[Round "5.9"]
[White "Pijkeren, Jan"]
[Black "Maatman, Nick"]
[Result "0-1"]
[ECO "A20"]
[WhiteElo "2196"]
[BlackElo "2368"]
[Annotator "TA"]
[PlyCount "60"]
[EventDate "2022.07.14"]
[EventType "swiss"]
[EventCountry "NED"]
[SourceTitle "playchess.com"]
[Source "ChessBase"]
[SourceQuality "1"]
[TimeControl "40/5400+30:1800+30"]

1. c4 e5 2. g3 c6 3. d4 e4 4. Bg2 d5 5. Nc3 Nf6 6. Bg5 {[%emt 0:00:19] A20: English Opening: 1...e5.} Nbd7 7. cxd5 cxd5 8. Qb3 {[%emt 0:07:22] The position is equal.} Bd6 9. Nh3 h6 10. Nb5 Bb8 11. Bf4 Bxf4 12. Nxf4 {[%emt 0:00:17] [#] Threatens to win with Qa3.} Qa5+ 13. Nc3 Nb6 {[%emt 0:00:52] [#]} 14. h4 $146 ({Predecessor:} 14. e3 Bd7 15. O-O O-O 16. Rfe1 Rfc8 17. Rac1 g5 18. Nfe2 Nc4 19. Nxe4 dxe4 {0-1 (19) Maack,K (2082)-Gunnarsson,J (2445) Reykjavik 2019}) 14... Bd7 15. e3 Rc8 16. Bf1 g6 17. Be2 Kf8 18. Kf1 Kg7 19. Kg2 g5 20. Nh3 gxh4 21. gxh4 (21. a4 $11) 21... Rhg8 (21... Nc4 $5 22. Nf4 Nxb2 23. Qxb2 (23. Ncxd5 Nxd5 24. Qxd5 Qxd5 $11) 23... Rxc3 $11) 22. Rag1 (22. Rhg1 $11) 22... Kh8+ $15 23. Kf1 Rxg1+ 24. Kxg1 Nc4 {[%emt 0:08:44] [#] White must now prevent ...Rg8+.} 25. Bxc4 (25. Qxb7 $17 Nxb2 26. Qxb2 Qxc3 27. Qxc3 Rxc3 28. Nf4) 25... dxc4 26. Qxb7 Rg8+ 27. Kf1 $2 (27. Ng5 Qf5 28. Ne2) 27... Bxh3+ $19 {[%emt 0:00:16] Black is clearly winning.} 28. Rxh3 Qf5 29. Rh1 Qf3 {[%emt 0:03:31] ( -> ...Ng4)} 30. Rg1 Qh3+ {[%emt 0:00:10] Weighted Error Value: White=0.78/Black=0.03 (flawless)} 0-1

[Event "Dutch Open 2022"]
[Site "Dieren"]
[Date "2022.07.30"]
[Round "5.10"]
[White "Bus, Tom"]
[Black "Binnendijk, Ferdinand"]
[Result "1-0"]
[ECO "A37"]
[WhiteElo "2102"]
[BlackElo "2147"]
[Annotator "TA"]
[PlyCount "81"]
[EventDate "2022.07.14"]
[EventType "swiss"]
[EventCountry "NED"]
[SourceTitle "playchess.com"]
[Source "ChessBase"]
[SourceQuality "1"]
[TimeControl "40/5400+30:1800+30"]

1. Nf3 c5 2. g3 Nc6 3. Bg2 g6 4. O-O Bg7 5. c4 e6 6. Nc3 Nge7 7. d4 cxd4 8. Nb5 O-O 9. Nfxd4 Nxd4 10. Nxd4 d5 11. cxd5 Nxd5 12. e4 {[%emt 0:04:16] A37: Symmetrical English vs ...g6: 4 Bg2 Bg7 5 Nf3.} Nb4 13. Be3 e5 14. Nb5 {[%emt 0:08:29] The position is equal.} Qa5 15. Qe2 {[%emt 0:10:16] [#]} Be6 $146 ({Predecessor:} 15... Nc2 16. Qxc2 Qxb5 17. a4 Qa6 18. Rfd1 Be6 19. Bf1 Qa5 20. b4 Qxb4 21. Rab1 Qe7 {½-½ (28) Schild,C (2215)-Kribben,J (2205) Hessen 1999}) 16. Rfc1 {[%emt 0:17:14] Hoping for Bd2.} Rfc8 17. a3 Rxc1+ 18. Rxc1 Nc6 19. b4 $36 {[%emt 0:05:11][%cal Bb2b4,Bb4a5,Ba5a6,Ba6a7][%mdl 2080] White has some pressure.} Qa6 {[%emt 0:09:08] [#]} (19... Qd8 $11 {keeps the balance.}) 20. Bf1 $1 $16 {[%emt 0:01:43] White is more active.} Nd4 21. Nxd4 exd4 22. Qxa6 bxa6 23. Bd2 ({Better is} 23. Bf4) 23... a5 24. bxa5 Bf8 25. Bb4 Rb8 26. Rc7 Bxb4 27. axb4 $14 {[%emt 0:00:05][%mdl 4096] Endgame KRB-KRB} a6 {[%emt 0:01:30][%mdl 8192] Against b5} (27... Rxb4 $16 {was worth a try.} 28. Rxa7 Rb1) 28. b5 $18 axb5 29. a6 Bc4 $2 (29... b4 30. Rb7 Ra8 31. Rxb4 f5) 30. Bxc4 $2 (30. Bh3 f5 31. a7) 30... bxc4 {[%emt 0:00:03] KR-KR} 31. a7 (31. Rxc4 $6 d3 32. Rd4 Ra8 $16) 31... Ra8 32. Kf1 {[%emt 0:01:22] [#] Ke2 is the strong threat.} (32. Rxc4 Rxa7 33. Rxd4 Kg7 $16) 32... d3 33. Ke1 {[%emt 0:01:01] Threatens to win with Kd2.} c3 34. e5 {[%emt 0:03:01][%cal Be4e5,Be5e6,Be6f7][%mdl 32] And now Kd1 would win.} ({Don't do} 34. Rxc3 $6 Rxa7 35. Rxd3 f6 $16) 34... g5 $2 {[%emt 0:04:38][%mdl 8192] Black cannot hold the game after this.} (34... h5 $16 {is a better chance.} 35. Kd1 (35. Rxc3 Rxa7 36. Rxd3 g5 $14) 35... Kf8) 35. f4 gxf4 36. gxf4 Kg7 37. e6 Kf6 38. exf7 {[%emt 0:00:09] aiming for Rb7.} h5 39. f5 (39. Rxc3 $142 Kxf7 40. Ra3) 39... h4 40. h3 (40. Rb7 $142 {Intending Rb8 and mate.} d2+ 41. Ke2) 40... Kxf5 (40... Kg7 $18 41. Re7 (41. Rxc3 Rxa7 42. Rxd3 Kxf7 $11) 41... c2) 41. Rxc3 {[%emt 0:30:22] Weighted Error Value: White=0.69/Black=1.13} 1-0

[Event "Dutch Open 2022"]
[Site "Dieren"]
[Date "2022.07.30"]
[Round "5.11"]
[White "Zwirs, Jasper"]
[Black "Kumar, Prajit Sai"]
[Result "1/2-1/2"]
[ECO "B56"]
[WhiteElo "2105"]
[BlackElo "2040"]
[Annotator "TA"]
[PlyCount "40"]
[EventDate "2022.07.14"]
[EventType "swiss"]
[EventCountry "NED"]
[SourceTitle "playchess.com"]
[Source "ChessBase"]
[SourceQuality "1"]
[TimeControl "40/5400+30:1800+30"]

1. e4 c5 2. Nf3 Nc6 3. d4 cxd4 4. Nxd4 Nf6 5. Nc3 d6 6. f3 e5 7. Nb3 Be6 8. Be3 {[%emt 0:01:33] 8.Nd5 is the hot move.} d5 {[%emt 0:00:20] B56: Classical Sicilian: Unusual Lines.} 9. exd5 (9. Nxd5 {keeps more tension.} Nxd5 10. exd5 Qxd5 11. Qxd5 Bxd5 12. O-O-O) 9... Nxd5 10. Nxd5 Qxd5 11. Qxd5 Bxd5 12. O-O-O O-O-O 13. Bd3 (13. Bb5 {seems wilder.} Kc7 14. c4 Be6 15. Rxd8 Kxd8 16. Rd1+) 13... Kb8 {[%emt 0:06:25] [#]} 14. c3 $146 ({Predecessor:} 14. Kb1 Be7 15. Rhe1 Nb4 16. Bf5 g6 17. Bh3 f5 18. Bd2 Nc6 19. Bc3 Bf6 20. Nc5 Rhe8 21. Nd3 Bh8 22. Bd2 Bf6 23. Bc3 Bh8 24. Bd2 Bf6 25. Bc3 {½-½ (25) Ruiz Lupon,N (1844)-Comellas Blanchart,J (2045) Barcelona 2022}) 14... Be7 15. Kc2 g6 16. Be4 (16. Rhe1 {with more complications.} Be6 17. Bb5 Kc7 18. Nd2) 16... Bxe4+ 17. fxe4 f5 18. exf5 gxf5 {[%emt 0:00:00] The position is equal.} 19. g3 Rhf8 20. Rhf1 h5 {[%emt 0:01:30] Not much happened in this game.  Weighted Error Value: White=0.06 (flawless) /Black=0.05 (flawless)} 1/2-1/2

[Event "Dutch Open 2022"]
[Site "Dieren"]
[Date "2022.07.30"]
[Round "5.12"]
[White "Shakhverdian, William"]
[Black "Vos, Tjark"]
[Result "1/2-1/2"]
[ECO "E90"]
[WhiteElo "2040"]
[BlackElo "2224"]
[Annotator "TA"]
[PlyCount "150"]
[EventDate "2022.07.14"]
[EventType "swiss"]
[EventCountry "NED"]
[SourceTitle "playchess.com"]
[Source "ChessBase"]
[SourceQuality "1"]
[TimeControl "40/5400+30:1800+30"]

1. d4 Nf6 2. c4 g6 3. Nc3 Bg7 4. e4 d6 5. h3 O-O 6. Nf3 e5 7. d5 Nh5 8. g3 {[%emt 0:00:33] E90: King's Indian: Classical: Early deviations and 6 h3.} f5 {[%emt 0:00:33] The main line 8...f5 scores better than 8...Na6.} 9. exf5 gxf5 10. Nh4 {[%emt 0:00:51] White is slightly better.} Nf4 11. Be3 Nd7 12. Qd2 Nc5 13. O-O-O Bd7 {[%emt 0:08:05] [#]} 14. Rg1 $146 (14. gxf4 {is more complex.} Qxh4 15. Rg1 e4 16. Bd4) ({Predecessor:} 14. Nxf5 Bxf5 15. gxf4 exf4 16. Bd4 Bg6 17. h4 Bxd4 18. Qxd4 Qf6 19. h5 Bf5 20. Rg1+ {1-0 (47) Cruz,C (2564)-Gasic Merino,F (2166) Antofagasta 2019}) 14... Ng6 15. Nxg6 hxg6 16. g4 (16. h4 $14) 16... b6 (16... Qh4 $11) 17. Be2 (17. Bg5 $14 Qe8 18. Kb1) 17... Qh4 $1 $11 18. gxf5 Bxf5 19. b4 Nd7 20. f3 (20. Bg4 $11) 20... a5 $15 (20... Qxh3 $2 21. Rh1 $18) 21. b5 Nc5 {[%emt 0:01:51] Against Ne4} (21... Qxh3 $2 22. Rh1 $18) 22. Kb2 (22. Qe1 $15 Qxe1 23. Rdxe1) 22... e4 $17 (22... Qxh3 $2 23. Rh1 $18) 23. Bxc5 bxc5 (23... dxc5 24. fxe4 Qxe4 25. Bd3 $15) 24. fxe4 Qxe4 (24... Bxe4 25. Rg4 Qe7 26. Bd3 $11) 25. Bd3 Qh4 26. Qe1 Qxh3 27. Rg3 Qh4 (27... Qh2+ 28. Rd2 Rae8 29. Bxf5 (29. Rxh2 Rxe1 30. Bxf5 gxf5 $17) 29... Rxe1 30. Rxh2 $17) (27... Qh6 $17 {Strongly threatening ...Be5.} 28. Bxf5 Rxf5) 28. Bxf5 $11 Rxf5 29. Qe6+ Rf7 30. Rxg6 (30. Rf1 $11 {keeps the balance.} Qe7 31. Qxe7 Rxe7 32. Rxg6) 30... Kf8 $1 $40 {[%emt 0:00:00][%cal Bg8f8,Bf8g7,Bg7f6,Bf6g6,Bg6f5,Bf5e5][%mdl 160] Black wants a kill.} (30... Qxc4 $2 31. Rxg7+ $1 Kxg7 32. Rg1+ Kf8 33. Qh6+ Ke7 34. Qe3+ Kf8 35. Qh6+ Ke7 36. Qe3+ Kf8 37. Qh6+ $18) 31. Qg4 $2 ({Don't blunder} 31. Qe2 $2 Re8 32. Qd3 Qf2+ 33. Rd2 Re3 34. Rxg7 Kxg7 $19) (31. Rxg7 $17 {was the crucial defense.} Kxg7 32. Rg1+ Kf8 33. Qg6) 31... Qxg4 ({Stronger than} 31... Qf2+ 32. Kb1 $17) 32. Rxg4 Rf3 {[%emt 0:00:00] Against Rd3} 33. Rxg7 ({Reject} 33. Rc1 Re8 34. Rg2 Ree3 35. Rxg7 Kxg7 $19) 33... Kxg7 $19 {[%emt 0:00:00][%mdl 4096] Endgame KRR-KRN} 34. Rg1+ Kf6 35. Re1 Rh8 36. b6 (36. Re2 $142 Kf5 37. a4) 36... cxb6 37. Ne4+ Kg6 {[%emt 0:00:00] Threatens to win with ...Rh2+.} 38. Rg1+ $2 (38. Re2) 38... Kf5 39. Nxd6+ Ke5 40. Nb5 Rh2+ 41. Kb1 Rff2 {[%emt 0:30:48] Hoping for ...Rb2+.} 42. a3 Rb2+ 43. Ka1 Rbc2 (43... Ra2+ $142 44. Kb1 Rhb2+ 45. Kc1 Rxb5 $1 46. Rg5+ Kf4) 44. d6 Rxc4 45. Rd1 Rh8 (45... Rcc2 $142 46. a4 Rcd2) 46. d7 {[%emt 0:00:00] [#]} Rd4 $1 47. Nxd4 (47. Re1+ Re4) 47... cxd4 $11 {[%emt 0:00:00] KR-KR} 48. Re1+ Kd6 49. Re4 $1 Kxd7 50. Rxd4+ Kc6 51. Kb2 Rh3 52. Rg4 Rd3 53. Rg6+ Kc5 (53... Rd6 $5 54. Rg8 b5 $15) 54. Rg5+ Rd5 55. Rg2 Kc4 56. Rh2 Rd4 57. Rc2+ Kb5 58. Rh2 Ka4 59. Rg2 Rh4 60. Rf2 Rh3 {[%emt 0:00:00] ( -> ...Rb3+)} 61. Rf4+ Kb5 62. Rf5+ Kc6 63. Rf6+ Kb7 64. Rf7+ Ka6 65. Rf2 Rh5 66. Rg2 Kb5 67. Rf2 Rh4 68. Rg2 Ka4 69. Rf2 b5 70. Rg2 $1 {[%emt 0:00:00] The position is equal.} Rh3 71. Rg4+ b4 72. axb4 axb4 73. Rg2 {[%emt 0:00:00] Inhibits Rh2.} Re3 74. Rh2 Rb3+ 75. Ka2 Ra3+ {[%emt 0:00:00] White happily takes the draw.  Weighted Error Value: White=0.51/Black=0.43} 1/2-1/2

[Event "Dutch Open 2022"]
[Site "Dieren"]
[Date "2022.07.30"]
[Round "5.13"]
[White "Achuthan, Dylan"]
[Black "Vogel, Jaap"]
[Result "1/2-1/2"]
[ECO "B20"]
[WhiteElo "1989"]
[BlackElo "2147"]
[Annotator "TA"]
[PlyCount "21"]
[EventDate "2022.07.14"]
[EventType "swiss"]
[EventCountry "NED"]
[SourceTitle "playchess.com"]
[Source "ChessBase"]
[SourceQuality "1"]
[TimeControl "40/5400+30:1800+30"]

1. e4 e6 2. b3 c5 3. Bb2 Nc6 4. g3 d6 5. Bg2 Nf6 6. Ne2 {[%emt 0:01:00] B20: Sicilian: Unusual White 2nd moves.} Be7 7. O-O O-O 8. h3 d5 {[%emt 0:08:39] [#]} 9. d3 $146 ({Predecessor:} 9. e5 Nd7 10. f4 f6 11. exf6 Nxf6 12. d3 d4 13. Na3 Nd5 14. Bc1 Bf6 15. g4 {½-½ (97) Lagerborg,K (2034)-Schneider,S (2387) Sweden 2015}) 9... Qc7 10. Nd2 Rd8 11. Qe1 {[%emt 0:09:30] An uneventful encounter.  Weighted Error Value: White=0.04 (flawless) /Black=0.03 (flawless)} 1/2-1/2

[Event "Dutch Open 2022"]
[Site "Dieren"]
[Date "2022.07.30"]
[Round "5.14"]
[White "De Boer, Bas"]
[Black "Albers, Sasa"]
[Result "1-0"]
[ECO "E34"]
[WhiteElo "2136"]
[BlackElo "2203"]
[Annotator "TA"]
[PlyCount "145"]
[EventDate "2022.07.14"]
[EventType "swiss"]
[EventCountry "NED"]
[SourceTitle "playchess.com"]
[Source "ChessBase"]
[SourceQuality "1"]
[TimeControl "40/5400+30:1800+30"]

1. d4 Nf6 2. c4 e6 3. Nc3 Bb4 4. Qc2 d5 5. cxd5 Qxd5 6. e3 O-O {[%emt 0:03:39] E34: Nimzo-Indian: Classical: 4...d5.} 7. Nf3 b6 {[%emt 0:10:01] [#]} 8. Nd2 $146 ({Predecessor:} 8. Bd3 Ba6 9. Bxa6 Nxa6 10. O-O Qb7 11. a3 Bxc3 12. bxc3 c5 13. a4 Rfc8 14. Qb3 Nb8 {½-½ (51) Akobian,V (2633)-Short,N (2675) Caleta 2017}) 8... Bxc3 {[%emt 0:10:02] The position is equal.} 9. bxc3 Bb7 10. f3 c5 11. e4 Qc6 12. dxc5 Qxc5 13. Nc4 Rd8 14. Ba3 Qg5 15. Qf2 (15. Rd1 $11 Nc6 16. Bd3) 15... Na6 ({Better is} 15... Nc6 $15) 16. e5 Nd5 17. h4 Qg6 (17... Qh6 $11 {keeps the balance.}) 18. Nd6 $16 Qh5 19. Qd4 (19. Qg3 $142 Ne3 20. Bd3 (20. Nxb7 Nc2+ 21. Ke2 Rd5 $11)) 19... Nc5 20. g4 $1 Qg6 (20... Qh6 $142) 21. Qd2 Rxd6 22. h5 ({Much weaker is} 22. exd6 $6 Qf6 $11) 22... Nf4 23. exd6 (23. Qxf4 $16 Nd3+ 24. Bxd3 Qxd3 25. exd6 Qxc3+ 26. Kf2 Qxa3 27. Rac1) 23... Qf6 (23... Qg5 $1 $11) 24. Bxc5 bxc5 25. Rh2 $2 (25. Kf2 $14 {stays ahead.}) 25... Qe5+ $2 (25... Bxf3 $17 26. Kf2 Bd5) 26. Kf2 $1 $11 Rd8 $1 27. Kg1 Bxf3 28. Qe1 (28. Rf2 $11 Rxd6 29. Qb2) 28... Qxd6 $17 29. Rb1 Bxg4 $2 {[%emt 0:00:41][%mdl 8192] [#]} (29... h6 $1 $17 {keeps the pressure on.} 30. Qh4 e5) 30. Rd2 $3 $18 {[%emt 0:00:30][%mdl 576] Skewer} Nd5 (30... Qxd2 $2 31. Qxd2 Rf8 32. Qxf4 $18) 31. c4 Bxh5 32. cxd5 exd5 33. Bg2 (33. Rb7 $18 {is more deadly.}) 33... d4 $16 34. Qh4 (34. Rb7 $16) 34... Bg6 $11 35. Re1 f6 (35... d3 $1 $11 {remains equal.}) 36. Bf1 $16 Qd5 {[%emt 0:01:05] Inhibits Bc4.} 37. Rc1 {[%emt 0:00:23] And now Bc4 would win.} Kh8 38. Bc4 Qd6 39. Qh2 Qe5 (39... Qd7 $16) 40. Rf1 $2 (40. Qxe5 $18 fxe5 41. Ba6) 40... Qe3+ $11 41. Qf2 {[%emt 0:31:19] Strongly threatening Qxe3.} Qc3 42. Bb5 Rd5 $2 {[%emt 0:03:29] [#]} (42... c4 $11 {and Black stays safe.}) 43. Qf4 $1 $18 h6 44. Rf3 $2 ({White has to play} 44. Rg2 $18 Rg5 45. Rxg5 fxg5 46. Qf3) 44... d3 ({Black should play} 44... Qc1+ $11 45. Rf1 Qc3) 45. Bc4 $1 $40 {[%emt 0:00:00][%mdl 128] White attacks.} Rg5+ {[%emt 0:10:10] [#] Black is on the road to losing.} (45... Rd8 $14) 46. Kf2 $1 $18 {[%emt 0:00:00] The board is on fire.} Kh7 {[%emt 0:00:06] aiming for ...Rf5.} (46... Be4 $2 {leads to mate.} 47. Qb8+ Kh7 48. Qg8+ Kg6 49. Bf7#) 47. Bxd3 Qc1 $2 (47... Bxd3 {keeps fighting.} 48. Rfxd3 Qa1) 48. Bxg6+ Rxg6 49. Rg3 {[%emt 0:00:00] Active counter play!} Rxg3 50. Kxg3 {[%emt 0:00:00] Intending Qe4+ and mate.} Qe1+ 51. Kh2 {[%emt 0:00:00] Threatening mate with Qf5+.} Qe7 (51... Qe6 $142 52. Rf2 Kg8) 52. Qf5+ Kh8 53. Qd5 (53. Kg2 $142 Qe8 54. Kf3) 53... Qe1 54. Qd8+ Kh7 55. Qd3+ Kh8 56. Re2 (56. Kg2 $142 {White wants to mate with Re2.} Qe5 57. Qg6) 56... Qh4+ 57. Qh3 Qf4+ 58. Qg3 Qa4 (58... Qf5 $142) 59. Rg2 $2 (59. Qg6 {Kg2 would kill now.} Qf4+ 60. Kg2 Qg5+ 61. Qxg5 hxg5 62. Re8+ Kh7 63. a4) 59... Qd7 60. Qf4 ({Much less strong is} 60. Qb8+ Kh7 61. Qf8 Qc7+ 62. Kh1 c4 $18) 60... Kh7 (60... Qe8 $142 61. Qf5 Qe7) 61. Rf2 {[%emt 0:00:27] Qf5+ is the strong threat.} Kh8 62. Rd2 Qe7 63. Qd6 Qe1 64. Kg2 Qe4+ 65. Kf2 {[%emt 0:00:15] Hoping for Qd8+.} Qb4 (65... Qf5+ $142 66. Kg1 Qb1+ 67. Kf2 Qf5+ 68. Kg1 Qb1+ 69. Kh2 c4) 66. Qd8+ Kh7 67. Qd3+ Kh8 68. Re2 Qh4+ 69. Qg3 Qa4 $2 (69... Qd4+ 70. Kg2 Qd7) 70. Kg2 (70. Qg6 $142 {White threatens Re8+ and mate.} Qd4+ 71. Kf1) 70... Kh7 71. Qd3+ Kh8 72. Qg6 Qc6+ 73. Kg1 {[%emt 0:00:08] Weighted Error Value: White=0.54/Black=0.55} 1-0

[Event "Dutch Open 2022"]
[Site "Dieren"]
[Date "2022.07.30"]
[Round "5.15"]
[White "Baselmans, Luuk"]
[Black "Roorda, Thijs"]
[Result "1/2-1/2"]
[ECO "C07"]
[WhiteElo "2256"]
[BlackElo "2113"]
[Annotator "TA"]
[PlyCount "51"]
[EventDate "2022.07.14"]
[EventType "swiss"]
[EventCountry "NED"]
[SourceTitle "playchess.com"]
[Source "ChessBase"]
[SourceQuality "1"]
[TimeControl "40/5400+30:1800+30"]

1. e4 e6 2. d4 d5 3. Nd2 c5 4. exd5 Qxd5 5. Ngf3 cxd4 6. Bc4 Qd6 7. O-O Nf6 8. Nb3 Nc6 9. Nbxd4 Nxd4 10. Nxd4 Be7 11. Re1 O-O 12. c3 Bd7 (12... Qc7 $5 13. Bd3 b6 $11) 13. Qe2 {[%emt 0:02:26] C07: French Tarrasch: 3...c5, 4 Ngf3 and 4 exd5 Qxd5.} (13. Bb3 {is more complex.} Bc6 14. Bg5 Rad8 15. Qe2) 13... Rac8 14. Bb3 {[%emt 0:04:40] [#]} Bd8 $146 ({Predecessor:} 14... a5 15. a4 Qb6 16. Bg5 Rfe8 17. Rad1 Rcd8 18. h3 h6 19. Bh4 Nd5 20. Bxe7 Nxe7 {1-0 (44) Engel,L (2532)-Graf,A (2569) Magdeburg 2020}) 15. Bg5 {[%emt 0:04:04] White is slightly better.} Nd5 16. Bxd8 Rfxd8 17. Rad1 Bc6 18. Qf3 Nf6 19. Nxc6 Qxc6 20. Qxc6 bxc6 21. Rxd8+ Rxd8 $11 {[%emt 0:00:07] KRB-KRN} 22. Re5 ({White should play} 22. Rd1 $11 Rxd1+ 23. Bxd1) 22... Rd2 $15 23. Rc5 Rxb2 {[%emt 0:00:08] [#] ( -> ...Rb1+)} 24. f3 {[%emt 0:00:14] The position is equal.} g6 25. Rxc6 Nd5 26. Bxd5 {[%emt 0:10:43] Weighted Error Value: White=0.15 (very precise) /Black=0.10 (very precise)} 1/2-1/2